 Dungeon Crawl Stone Soup version 0.24-a0-434-gd57e52fea8 (webtiles) character file.

Game seed: 16730659492935741351

67 Krouwed the Grave Robber (level 4, 0/32 HPs)
             Began as a Human Necromancer on June 16, 2019.
             Slain by a worker ant (2 damage)
             ... on level 2 of the Dungeon.
             The game lasted 00:15:45 (1970 turns).

Krouwed the Grave Robber (Human Necromancer)        Turns: 1970, Time: 00:15:46

Health: 0/32       AC:  2    Str:  9    XL:     4   Next: 40%
Magic:  0/7        EV: 13    Int: 16    God:
Gold:   53         SH:  0    Dex: 13    Spells: 3/8 levels left

rFire    . . .     SeeInvis .   b - +0 short sword
rCold    . . .     Gourm    .   (no shield)
rNeg     . . .     Faith    .   a - +0 robe
rPois    .         Spirit   .   (no helmet)
rElec    .         Reflect  .   (no cloak)
rCorr    .         Harm     .   (no gloves)
MR       .....                  (no boots)
Stlth    ++........             (no amulet)
HPRegen  0.10/turn              (no ring)
MPRegen  0.10/turn              (no ring)

@: flying
A: no striking features
a: no special abilities


You were on level 2 of the Dungeon.
You were not hungry.

You visited 1 branch of the dungeon, and saw 2 of its levels.

You collected 53 gold pieces.

Inventory:

Hand Weapons
 b - a +0 short sword (weapon)
 k - a +0 whip
Missiles
 m - 18 sling bullets
Armour
 a - a +0 robe (worn)
 e - a +0 pair of boots
 i - a cursed +0 helmet
Jewellery
 l - a +2 ring of intelligence {unknown}
Scrolls
 f - a scroll of enchant armour {unknown}
 g - 2 scrolls of remove curse
 h - a scroll of fear {unknown}
Potions
 j - a potion of agility {unknown}
Comestibles
 c - 2 rations


   Skills:
 + Level 1.1 Fighting
 + Level 1.1 Short Blades
 + Level 2.7 Dodging
 - Level 2.0 Stealth
 + Level 2.5 Spellcasting
 + Level 4.4 Necromancy


You had 3 spell levels left.
You knew the following spells:

 Your Spells              Type           Power        Failure   Level  Hunger
a - Pain                  Necr           ###.         3%          1    #......
b - Animate Skeleton      Necr           N/A          3%          1    #......
c - Vampiric Draining     Necr           ###.......   10%         3    ###....

Your spell library contained the following spells:

 Spells                   Type           Power        Failure   Level  Hunger
 Regeneration             Chrm/Necr      #.........   24%         3    ###....
 Animate Dead             Necr           N/A          32%         4    #####..


Dungeon Overview and Level Annotations

Branches:
Dungeon (2/15)

Altars:


Message History

Confirm with . or Enter, or press ? or * to list all spells.
Aiming: Pain (safe; 3% risk of failure)
Press: ? - help, Shift-Dir - straight line, f/p - worker ant
Aim: a worker ant (moderately wounded, chance to defeat MR: 81%)
The worker ant writhes in agony.
The worker ant barely misses you.
You are too injured to fight recklessly!
You closely miss the worker ant.
The worker ant is severely wounded.
The worker ant closely misses you. The worker ant bites you!
* * * LOW HITPOINT WARNING * * *
You hit the worker ant.
The worker ant is almost dead.
The worker ant bites you.
* * * LOW HITPOINT WARNING * * *
Okay, then.
It was a potion of flight.
You feel very buoyant.
You fly up into the air.
The worker ant misses you. The worker ant bites you.
You die...

#.#...#.# #.........#
#.#.###.###.######.##
#................#.#
###.###.#.#......#.#
#.....#.#.######)#
#.....#.#.#.Z....#
#.###.#.#.#.######
#.###.....#.#
#....@#.###Z#
#####a#.....#
#.####### #.#
##'########
#..........
#..........
#.†........
##'########


You could see a worker ant.

Vanquished Creatures
  2 adders
  An ooze (D:2)
  A worm (D:2)
  4 dart slugs
  2 leopard geckos (D:1)
  A giant cockroach (D:1)
  4 goblins
  3 hobgoblins
  4 bats (D:1)
  2 frilled lizards (D:1)
  3 kobolds
  6 rats
33 creatures vanquished.

Vanquished Creatures (collateral kills)
  A dart slug (D:2)
  A bat (D:2)
  A kobold (D:1)
3 creatures vanquished.

Grand Total: 36 creatures vanquished

Notes
Turn   | Place    | Note
-------+----------+-------------------------------------------
     0 | D:1      | Krouwed the Human Necromancer began the quest for the Orb.
     0 | D:1      | Reached XP level 1. HP: 13/13 MP: 3/3
     2 | D:1      | Learned a level 1 spell: Animate Skeleton
    99 | D:1      | Reached XP level 2. HP: 9/20 MP: 3/5
   800 | D:1      | Reached skill level 1 in Fighting
   800 | D:1      | Reached XP level 3. HP: 26/26 MP: 6/6
  1587 | D:2      | Reached XP level 4. HP: 29/32 MP: 2/7
  1639 | D:2      | Reached skill level 1 in Short Blades
  1953 | D:2      | Learned a level 3 spell: Vampiric Draining
  1970 | D:2      | Slain by a worker ant

Levels and vault maps discovered:
D:1:      kennysheep_arrival_forest, layout_basic
D:2:      layout_basic, uniq_jessica

Skill      XL: |  1  2  3  4 |
---------------+-------------+-----
Fighting       | 1 |  1.1
Short Blades   | 1 |  1.1
Dodging        | |  2.7
Stealth        | |  2.0
Spellcasting   | |  2.5
Necromancy     | |  4.4

Action                   |  1- 3 |  4- 6 || total
-------------------------+-------+-------++-------
Melee: Short sword       |    38 |    24 ||    62
 Cast: Pain              |    36 |    15 ||    51
       Animate Skeleton  |     5 |     2 ||     7
  Use: Scroll            |     1 |       ||     1
       Potion            |       |     1 ||     1
 Stab: Sleeping          |     2 |     1 ||     3
  Eat: Chunk             |     3 |     1 ||     4
Armor: Robe              |    24 |     7 ||    31
Dodge: Dodged            |    56 |    20 ||    76

Table legend:
 A = Non-vault XP
 B = Vault XP
 C = Vault XP percentage of total XP
 D = Non-vault monster count
 E = Vault monster count
 F = Vault count percentage of total count
                 A         B        C        D         E       F
            +---------+---------+-------+---------+---------+-------
      Total |      97 |       0 |   0.0 |      36 |       0 |   0.0
            +---------+---------+-------+---------+---------+-------
        D:1 |      57 |       0 |   0.0 |      25 |       0 |   0.0
        D:2 |      40 |       0 |   0.0 |      11 |       0 |   0.0
            +---------+---------+-------+---------+---------+-------
